 Dungeon Crawl Stone Soup version 0.18-a0-1514-g6ed9364 (webtiles) character file.

87209 dvd the Nimble (level 15, -11/111 HPs)
             Began as a Merfolk Ice Elementalist on Mar 6, 2016.
             Was the Champion of Sif Muna.
             Hit by a large rock thrown by a cyclops (25 damage)
             ... on level 3 of the Shoals on Mar 7, 2016.
             The game lasted 03:43:45 (33100 turns).

dvd the Nimble (Merfolk Ice Elementalist)          Turns: 33100, Time: 03:43:45

Health: -11/111    AC: 31    Str: 12    XL:     15   Next: 89%
Magic:  0/31       EV: 22    Int: 23    God:    Sif Muna [******]
Gold:   2620       SH:  0    Dex: 17    Spells: 10 memorised, 7 levels left

rFire  . . .     SeeInvis .     a - +4 trident (freeze)
rCold  + . .     Gourm    .     D - +3 leather armour {rC+}
rNeg   + + .     Faith    .     (no shield)
rPois  .         Spirit   +     x - +2 hat of the Bear Spirit {Spirit, +Rage rN+ MR++}
rElec  +         Dismiss  .     A - +2 cloak {+Inv}
rCorr  .         Reflect  .     i - +2 pair of gloves
SustAt .         Harm     .     z - +2 pair of boots
MR     +++..                    H - amulet of Vixiukk {rElec rN+ Regen+ Str+3 Slay+2}
Stlth  ++++......               L - +5 ring of intelligence
                                r - +4 ring of protection

@: icy armour, slow, extremely resistant to hostile enchantments, stealthy
A: change form in water, swift swim
a: Channel Energy, Forget Spell, Renounce Religion, Evoke Berserk Rage, Evoke
Invisibility


You were on level 3 of the Shoals.
You worshipped Sif Muna.
Sif Muna was exalted by your worship.
You were not hungry.

You visited 5 branches of the dungeon, and saw 27 of its levels.
You also visited: Ossuary and Bailey.

You collected 3195 gold pieces.
You spent 575 gold pieces at shops.

Inventory:

Hand Weapons
 a - a +4 trident of freezing (weapon)
 b - a +3 spear of flaming
 c - a +2 spear of venom
 U - a +2 vampiric spear
Armour
 i - a +2 pair of gloves (worn)
 x - the +2 hat of the Bear Spirit (worn) {Spirit, +Rage rN+ MR++}
   (You bought it in a shop on level 5 of the Dungeon)

   It protects you from negative energy.
   It affects your resistance to hostile enchantments.
   It lets you go berserk.
 z - a +2 pair of boots (worn)
 A - a +2 cloak of invisibility (worn)
 D - a +3 leather armour of cold resistance (worn)
 S - the +2 scale mail of the Tuna {rF+ Regen+}
   (You found it on level 9 of the Dungeon)

   It protects you from fire.
   It increases your rate of regeneration.
Magical Staves
 V - an uncursed staff of poison
 Z - an uncursed staff of fire
Rods
 G - a +6 rod of shadows (12/12)
   (You found it on level 5 of the Dungeon)
 Q - a -2 iron rod (11/11)
   (You found it on level 2 of the Shoals)
Jewellery
 r - a +4 ring of protection (left hand)
 H - the amulet of Vixiukk (around neck) {rElec rN+ Regen+ Str+3 Slay+2}
   (You found it on level 5 of the Dungeon)

   [amulet of regeneration]

   It affects your strength (+3).
   It affects your accuracy and damage with ranged weapons and melee attacks
   (+2).
   It insulates you from electricity.
   It protects you from negative energy.
   It increases your rate of regeneration.
 L - a +5 ring of intelligence (right hand)
 Y - a +3 ring of slaying
Wands
 w - a wand of flame (16/48)
 y - a wand of disintegration (20/24)
 I - a wand of disintegration (9/24)
 W - a wand of lightning (10/15)
 X - a wand of disintegration (12/24)
Scrolls
 e - 9 scrolls of identify
 l - 2 scrolls of fog
 n - 14 scrolls of remove curse
 s - 7 scrolls of recharging
 B - 2 scrolls of fear
 C - 2 scrolls of amnesia
 F - 7 scrolls of teleportation
 P - a scroll of blinking
 T - 3 scrolls of magic mapping
Potions
 f - 2 potions of haste
 k - 3 potions of agility
 m - 4 potions of flight
 o - 3 potions of resistance
 p - 2 potions of curing
 u - 5 potions of brilliance
Books
 g - a book of Death

   Spells                             Type                      Level
   a - Corpse Rot                     Necromancy                   2
   b - Sublimation of Blood           Necromancy                   2
   c - Agony                          Necromancy                   5
   d - Dispel Undead                  Necromancy                   5
   e - Excruciating Wounds            Charms/Necromancy            5
   f - Bolt of Draining               Conjuration/Necromancy       5
 h - a Grand Grimoire

   Spells                             Type                      Level
   a - Monstrous Menagerie            Summoning                    7
   b - Summon Greater Demon           Summoning                    7
   c - Malign Gateway                 Summoning/Translocation      7
   d - Summon Horrible Things         Summoning                    8
 j - a book of Cantrips

   Spells                             Type                      Level
   a - Corona                         Hexes                        1
   b - Animate Skeleton               Necromancy                   1
   c - Summon Small Mammal            Summoning                    1
   d - Apportation                    Translocation                1
 q - a book of Summonings

   Spells                             Type                      Level
   a - Recall                         Summoning/Translocation      3
   b - Aura of Abjuration             Summoning                    5
   c - Summon Demon                   Summoning                    5
   d - Summon Forest                  Summoning/Translocation      5
   e - Summon Mana Viper              Hexes/Summoning              5
   f - Shadow Creatures               Summoning                    6
 t - a book of Party Tricks

   Spells                             Type                      Level
   a - Summon Butterflies             Summoning                    1
   b - Apportation                    Translocation                1
   c - Tukima's Dance                 Hexes                        3
   d - Alistair's Intoxication        Transmutation/Poison         5
   e - Invisibility                   Hexes                        6
 J - Sif Muna's Handbook of Snow and Protection
   (Sif Muna gifted it to you on level 1 of the Orcish Mines)

   Spells                             Type                      Level
   a - Throw Frost                    Conjuration/Ice              2
   b - Ensorcelled Hibernation        Hexes/Ice                    2
   c - Ozocubu's Armour               Charms/Ice                   3
   d - Spectral Weapon                Hexes/Charms                 3
   e - Ice Form                       Ice/Transmutation            4
   f - Haste                          Charms                       6
 M - Sif Muna's Guide on Combat Magic and Self-Improvement
   (Sif Muna gifted it to you on level 11 of the Dungeon)

   Spells                             Type                      Level
   a - Iskenderun's Battlesphere      Conjuration/Charms           5
   b - Deflect Missiles               Charms/Air                   6
   c - Glaciate                       Conjuration/Ice              9
Comestibles
 d - 7 chunks of flesh
 E - 11 meat rations
 K - a beef jerky
 N - 30 fruits
 R - 9 bread rations


   Skills:
 + Level 8.3 Fighting
   Level 0.5 Short Blades
 + Level 12.3 Polearms
 + Level 2.5 Armour
 + Level 14.6 Dodging
 + Level 8.4 Stealth
   Level 0.2 Shields
 + Level 12.5 Spellcasting
 + Level 3.0 Conjurations
 + Level 1.5 Hexes
 + Level 6.4 Charms
 + Level 8.4 Summonings
 + Level 13.1 Ice Magic
 + Level 4.7 Invocations
 + Level 1.2 Evocations


You had 7 spell levels left.
You knew the following spells:

 Your Spells              Type           Power        Failure   Level  Hunger
a - Freeze                Ice            ####         1%          1    None
b - Throw Frost           Conj/Ice       ######       1%          2    None
c - Ozocubu's Armour      Chrm/Ice       ######..     1%          3    None
d - Throw Icicle          Conj/Ice       ######..     1%          4    None
e - Summon Ice Beast      Ice/Summ       ######..     1%          4    None
f - Spectral Weapon       Hex/Chrm       ####....     3%          3    None
g - Ensorcelled Hibernat  Hex/Ice        #####.       1%          2    None
h - Tukima's Dance        Hex            ###.....     12%         3    None
i - Aura of Abjuration    Summ           ######....   6%          5    ###....
j - Summon Demon          Summ           ######....   6%          5    ###....


Dungeon Overview and Level Annotations

Branches:
Dungeon (13/15)            Temple (1/1) D:7            Lair (8/8) D:9
 Shoals (3/4) Lair:3       Spider (0/4) Lair:3        Slime (0/6) Lair:8
    Orc (2/2) D:11            Elf (0/3) Orc:2
 Vaults: D:13-14

Altars:
Ashenzari
Cheibriados
Dithmenos
Elyvilon
Fedhas
Gozag
Kikubaaqudgha
Makhleb
Nemelex Xobeh
Okawaru
Pakellas
Qazlal
Ru
Sif Muna
Trog
Vehumet
Xom
Yredelemnul
Zin
The Shining One
Beogh
Jiyva

Shops:
D:5 [:   D:7 %   D:8 }   Orc:1 (=[[   Orc:2 (%(=


Message History

Unknown command.
Drink which item? (? for menu, Esc to quit)
You feel better.
Your soul eater hits the snapping turtle but does no damage.
Your ice beast hits the snapping turtle but does no damage.
The snapping turtle bites your ice beast!!
Your soul eater hits the snapping turtle!
Your ice beast hits the snapping turtle but does no damage.
The snapping turtle barely misses your soul eater.
Your soul eater draws from the surrounding life force!
The cyclops is heavily wounded.
The snapping turtle is almost dead.
Items here: ((( )) a silver sling bullet; 2 stones; 6 poisoned arrows; an uncursed quarterstaff an uncursed longbow Drink which item? (? for menu, Esc to quit)
You feel better.
Your ice beast hits the snapping turtle but does no damage.
The cyclops throws a large rock.
The large rock hits you!!
You die...

≈≈≈≈≈≈≈≈≈≈......≈≈≈≈≈≈≈≈≈≈≈≈≈≈.P#
≈≈≈≈≈≈≈≈≈..###.≈≈≈≈.≈≈≈≈≈≈≈≈≈≈P.#
≈≈≈≈≈≈≈≈≈..###..≈≈≈≈≈≈≈≈≈≈≈≈≈≈P.#
≈≈≈≈≈≈≈≈≈≈.......≈≈≈≈≈≈≈≈≈≈P≈P.##
≈≈≈≈≈≈≈≈≈≈≈......≈≈≈≈≈≈C.≈≈P≈PP#
≈≈≈≈≈≈≈≈≈≈........≈≈≈≈≈≈..≈≈≈P##
≈≈≈≈≈≈≈≈≈≈≈....#(.(≈(≈...≈P≈≈P###
≈≈≈≈≈≈≈≈≈≈≈≈...#(((tY).≈≈≈≈≈≈P..#
≈≈≈≈≈≈≈≈≈≈≈≈..##@)(≈3<.≈≈≈≈≈≈≈≈..
≈≈≈≈≈≈≈≈≈≈≈≈≈.##(...)†.)≈≈≈≈≈≈≈≈≈
≈≈≈≈≈≈≈≈≈≈≈≈≈≈≈≈.(......≈≈≈≈≈≈≈≈≈
≈≈≈≈≈≈≈≈≈≈≈≈≈≈≈...≈≈.##..≈≈≈≈≈≈≈≈
≈≈≈≈≈≈≈...≈.###....≈≈≈≈≈≈
≈≈≈≈≈≈≈≈≈≈........≈≈≈≈≈≈
≈≈≈≈≈≈≈.≈≈≈......≈≈≈≈≈≈≈
≈≈≈≈≈≈≈≈≈≈...≈.≈≈≈≈≈≈≈≈≈
≈≈≈≈≈≈≈..)....≈≈≈≈≈≈.≈≈≈


You could see a snapping turtle, a cyclops, a friendly soul eater and a friendly
ice beast.

Vanquished Creatures
  Rupert (Lair:6)
  A merfolk javelineer (Shoals:2)
  A merfolk impaler (Shoals:1)
  Josephine (Lair:5)
  3 hydras
  An alligator snapping turtle (Shoals:2)
  Erica (Orc:1)
  An ogre mage (Orc:2)
  A death yak (Lair:7)
  The ghost of Tomstefer the Basher, a novice MiBe of Trog (D:7)
  Nergalle (Orc:1)
  Sonja (D:11)
  An iron troll (Orc:2)
  2 hill giants (D:13)
  3 sea snakes
  A harpy (Shoals:3)
  2 orc knights
  2 griffons
  7 manticores
  2 ugly things
  4 cyclopes
  An orc sorcerer (Orc:2)
  2 fauns
  10 elephants
  2 black mambas
  A water nymph (Shoals:3)
  A siren (Shoals:2)
  A gargoyle (D:13)
  10 spiny frogs
  A rime drake (Lair:4)
  A kobold demonologist (D:13)
  3 komodo dragons
  A tengu conjurer (D:13)
  A spriggan druid (Lair:8)
  4 trolls
  3 two-headed ogres
  2 merfolk
  5 polar bears (Lair:8)
  A slime creature (D:12)
  A snapping turtle (Shoals:2)
  11 blink frogs
  2 redbacks (Lair:8)
  7 spriggans (Lair:8)
  4 wraiths
  4 water elementals
  Sigmund (D:5)
  3 basilisks
  14 yaks
  2 hungry ghosts
  2 hogs (Lair:5)
  6 hippogriffs
  18 wolves
  6 wargs
  A soldier ant (D:12)
  4 water moccasins
  14 porcupines
  3 black bears
  4 sky beasts
  2 phantoms
  10 orc warriors
  A slave (D:7)
  4 ice beasts
  A necrophage (D:11)
  3 wasps
  16 ogres
  6 centaurs
  11 crocodiles
  2 big kobolds
  An elf zombie (D:6)
  12 giant frogs
  3 gnoll sergeants (Bailey)
  7 water moccasin zombies (Ossuary)
  3 elf skeletons (D:6)
  4 scorpions
  3 jellies
  3 killer bees
  4 wights
  4 howler monkeys
  An electric eel (Lair:6)
  3 crimson imps
  A lava snake (Lair:5)
  4 gnoll shamans
  10 hounds
  7 orc priests
  Crazy Yiuf (D:4)
  3 giant frog skeletons
  A human zombie (D:6)
  11 orc wizards
  Jessica (D:2)
  5 iguanas
  7 worker ants
  5 sheep
  2 big kobold zombies (Ossuary)
  2 mummies (Ossuary)
  A howler monkey skeleton (D:11)
  19 gnolls
  14 adders
  23 river rats
  2 shadow imps
  4 adder zombies (Ossuary)
  2 adder skeletons
  A worm (D:5)
  7 giant geckos
  43 orcs
  8 giant cockroaches
  A gnoll zombie (Ossuary)
  10 goblins
  6 hobgoblins
  11 jackals
  21 kobolds
  5 quokkas
  2 ball pythons
  7 bats
  2 giant newts
  3 hobgoblin zombies (Ossuary)
  4 kobold zombies (Ossuary)
  An orc skeleton (D:6)
  3 orc zombies (Ossuary)
  A quokka skeleton (D:5)
  11 rats
  2 plants (Lair:8)
573 creatures vanquished.

Vanquished Creatures (collateral kills)
  Kirke (Lair:5)
  The ghost of Tomstefer the Bludgeoner, a journeyman MiBe of Trog (Lair:4)
  Snorg (Orc:1)
  7 hydras
  An ogre mage (Orc:2)
  2 merfolk aquamancers
  2 merfolk avatars
  Urug (D:11)
  A satyr (Shoals:3)
  5 sea snakes
  A deep troll (Orc:2)
  3 hill giants
  7 harpies
  Pikel (D:7)
  An orc knight (Orc:2)
  An orc sorcerer (Orc:1)
  5 griffons
  A manticore (Shoals:2)
  8 fauns
  Maurice (D:12)
  7 cyclopes
  2 sirens (Shoals:3)
  A centaur zombie (D:11)
  4 elephants
  4 black mambas
  7 spiny frogs
  A rime drake (Lair:8)
  3 komodo dragons
  A kobold demonologist (D:13)
  A tengu conjurer (D:13)
  7 trolls (Orc:2)
  6 polar bears (Lair:8)
  4 two-headed ogres (Orc:2)
  A wind drake (Shoals:1)
  9 merfolk
  2 slime creatures (D:12)
  6 blink frogs
  3 snapping turtles
  4 redbacks (Lair:8)
  3 water elementals
  16 yaks
  2 spriggans (Lair:8)
  2 basilisks (Lair:2)
  3 hogs
  A human (D:7)
  Grum (D:9)
  4 hippogriffs
  A mottled dragon (D:12)
  21 wolves
  6 water moccasins
  6 porcupines
  A phantom (D:7)
  A sky beast (D:9)
  A wasp (Lair:8)
  An ice beast (D:9)
  6 orc warriors
  2 black bears (Lair:8)
  10 ogres
  A centaur (D:13)
  2 crocodiles
  A big kobold (D:8)
  A giant frog (Lair:7)
  6 gnoll sergeants
  A scorpion (D:8)
  7 killer bees
  A wight (D:6)
  2 howler monkeys (D:8)
  2 crimson imps (D:12)
  A jelly (D:13)
  3 gnoll shamans (Bailey)
  A giant frog zombie (D:11)
  2 hounds (Bailey)
  7 orc priests
  2 orc wizards
  4 iguanas
  A worker ant (D:9)
  12 sheep
  A worker ant zombie (D:10)
  10 gnolls
  2 adders
  36 river rats
  A giant gecko (D:11)
  28 orcs
  A goblin (D:11)
  3 kobolds (D:8)
  A fungus (Lair:8)
352 creatures vanquished.

Vanquished Creatures (others)
  4 dancing weapons (Shoals:3)
  3 slaves (D:7)
  A centaur (D:7)
  Menkaure (D:7)
  A big kobold (D:7)
  A scorpion (D:7)
  5 gnolls (D:7)
  4 kobolds (D:7)
  23 fungi
  12 plants
  2 spectral weapons
57 creatures vanquished.

Grand Total: 982 creatures vanquished

Notes
Turn   | Place    | Note
--------------------------------------------------------------
     0 | D:1      | dvd the Merfolk Ice Elementalist began the quest for the Orb.
     0 | D:1      | Reached XP level 1. HP: 13/13 MP: 3/3
   168 | D:1      | Reached XP level 2. HP: 14/19 MP: 0/5
   475 | D:1      | Learned a level 2 spell: Throw Frost
   683 | D:1      | Reached skill level 3 in Dodging
  1074 | D:1      | Reached XP level 3. HP: 24/24 MP: 1/6
  1267 | D:1      | Learned a level 3 spell: Ozocubu's Armour
  1346 | D:2      | Found a basalt altar of Yredelemnul.
  1346 | D:2      | Found an ancient bone altar of Kikubaaqudgha.
  1497 | D:2      | Noticed Jessica
  1694 | D:2      | Killed Jessica
  1694 | D:2      | Reached XP level 4. HP: 27/30 MP: 0/8
  2785 | D:3      | Noticed a centaur
  2796 | D:3      | Reached XP level 5. HP: 17/35 MP: 3/10
  2800 | D:3      | Killed a centaur
  2800 | D:3      | Reached skill level 4 in Dodging
  3376 | D:3      | Reached XP level 6. HP: 33/41 MP: 7/11
  3652 | D:3      | Reached skill level 1 in Conjurations
  4050 | D:4      | Found a shattered altar of Ashenzari.
  4284 | D:4      | Noticed Crazy Yiuf
  4290 | D:4      | Killed Crazy Yiuf
  4290 | D:4      | Reached skill level 1 in Polearms
  4290 | D:4      | Reached skill level 5 in Ice Magic
  4374 | D:4      | Reached XP level 7. HP: 25/46 MP: 10/13
  4647 | D:4      | Reached skill level 1 in Charms
  4723 | D:5      | Entered Level 5 of the Dungeon
  4724 | D:5      | Found a large runed door.
  4725 | D:5      | Found a large runed door.
  4730 | D:5      | Found a large runed door.
  4730 | D:5      | Found a large runed door.
  5000 | D:5      | Found a white marble altar of Elyvilon.
  5000 | D:5      | Found a snail-covered altar of Cheibriados.
  5001 | D:5      | Found a sparkling altar of Nemelex Xobeh.
  5016 | D:5      | Found a radiant altar of Vehumet.
  5109 | D:5      | Found Atuuw's Book Shop.
  5112 | D:5      | Noticed Sigmund
  5147 | D:5      | Reached skill level 5 in Dodging
  5147 | D:5      | Reached skill level 5 in Spellcasting
  5194 | D:5      | Killed Sigmund
  5194 | D:5      | Reached XP level 8. HP: 41/53 MP: 4/16
  5237 | D:5      | Got a clouded graven amulet
  5239 | D:5      | Identified the amulet of Vixiukk {rElec rN+ Regen+ Str+3 Slay+2} (You found it on level 5 of the Dungeon)
  5388 | D:5      | Learned a level 4 spell: Throw Icicle
  5465 | D:5      | Identified a +6 rod of shadows (12/12) (You found it on level 5 of the Dungeon)
  5473 | D:5      | Learned a level 1 spell: Freeze
  5671 | D:5      | Reached skill level 1 in Fighting
  5701 | D:5      | Reached skill level 6 in Dodging
  5967 | D:5      | Found Apekuu's Armour Boutique.
  6288 | D:6      | Reached skill level 7 in Dodging
  6288 | D:6      | Reached XP level 9. HP: 54/59 MP: 11/18
  6336 | D:6      | Found a sand-covered staircase.
  6357 | Ossuary  | Entered an ossuary
  6645 | Ossuary  | Reached skill level 8 in Dodging
  6835 | D:6      | Reached skill level 5 in Polearms
  7048 | D:6      | Learned a level 4 spell: Summon Ice Beast
  7468 | D:6      | Found a burning altar of Makhleb.
  7656 | D:7      | Noticed Pikel
  7671 | D:7      | Killed Pikel
  7714 | D:7      | Reached XP level 10. HP: 60/71 MP: 9/20
  7755 | D:7      | Noticed Tomstefer's ghost (novice MiBe)
  7760 | D:7      | Killed Menkaure
  8022 | D:7      | Found a staircase to the Ecumenical Temple.
  8028 | Temple   | Entered the Ecumenical Temple
  8165 | Temple   | Became a worshipper of Sif Muna the Loreminder
  8335 | D:7      | Reached skill level 1 in Summonings
  8787 | D:7      | Reached skill level 9 in Dodging
  8986 | D:7      | Killed Tomstefer's ghost
  9120 | D:7      | Found Nezxudag's Food Shoppe.
  9293 | D:8      | Found Gywimn's Gadget Emporium.
  9376 | D:8      | Reached skill level 5 in Stealth
 10280 | D:9      | Reached * piety under Sif Muna
 10340 | D:9      | Found a flagged portal.
 10340 | D:9      | Noticed Grum
 10378 | D:9      | Killed Grum
 10451 | Bailey   | Entered a bailey
 10951 | Bailey   | Reached XP level 11. HP: 78/78 MP: 16/23
 11146 | D:9      | Reached skill level 10 in Dodging
 11302 | D:9      | Got a spiked scale mail
 11343 | D:9      | Reached ** piety under Sif Muna
 11510 | D:9      | Found a staircase to the Lair.
 11713 | D:9      | Identified the +2 scale mail of the Tuna {rF+ Regen+} (You found it on level 9 of the Dungeon)
 11998 | D:10     | Entered Level 10 of the Dungeon
 12350 | D:10     | Gained mutation: You are frail (-10% HP). [potion of mutation]
 12350 | D:10     | Gained mutation: You have sharp fingernails. [potion of mutation]
 12350 | D:10     | Gained mutation: You have a pair of small antennae on your head. [potion of mutation]
 12751 | Lair:1   | Entered Level 1 of the Lair of Beasts
 12823 | Lair:1   | Noticed a faun
 12843 | Lair:1   | Killed a faun
 14327 | Lair:2   | Reached *** piety under Sif Muna
 14705 | Lair:3   | Noticed a five-headed hydra
 14715 | Lair:3   | Killed a five-headed hydra
 14758 | Lair:3   | Reached skill level 5 in Fighting
 14761 | Lair:3   | Found a staircase to the Shoals.
 14976 | Lair:3   | Found a hole to the Spider Nest.
 15642 | Lair:3   | Reached skill level 11 in Dodging
 15654 | Lair:3   | Reached XP level 12. HP: 31/77 MP: 5/25
 15799 | Lair:4   | Noticed Tomstefer's ghost (journeyman MiBe)
 15950 | Lair:4   | Killed Tomstefer's ghost
 16352 | Lair:4   | Noticed a six-headed hydra
 16363 | Lair:4   | Killed a six-headed hydra
 16364 | Lair:4   | Reached skill level 10 in Ice Magic
 16606 | Lair:4   | Reached **** piety under Sif Muna
 16936 | Lair:5   | Noticed a seven-headed hydra
 16948 | Lair:5   | Killed a seven-headed hydra
 16995 | Lair:5   | Reached skill level 5 in Charms
 17335 | D:5      | Bought the +2 hat of the Bear Spirit {Spirit, +Rage rN+ MR++} for 508 gold pieces
 17726 | Lair:5   | Noticed a seven-headed hydra
 17744 | Lair:5   | Killed a seven-headed hydra
 17744 | Lair:5   | Reached skill level 5 in Summonings
 17787 | Lair:5   | Noticed Josephine
 17796 | Lair:5   | Killed Josephine
 17796 | Lair:5   | Reached skill level 10 in Spellcasting
 18010 | Lair:5   | Reached skill level 12 in Dodging
 18020 | Lair:5   | Reached skill level 1 in Evocations
 18099 | Lair:5   | Noticed a five-headed hydra
 18154 | Lair:5   | Killed a five-headed hydra
 18154 | Lair:5   | Reached ***** piety under Sif Muna
 18358 | Lair:5   | Noticed Kirke
 18499 | Lair:5   | Reached XP level 13. HP: 83/83 MP: 18/27
 18681 | Lair:5   | Killed Kirke
 19057 | Lair:6   | Noticed Rupert
 19757 | Lair:6   | Killed Rupert
 21574 | D:11     | Found a staircase to the Orcish Mines.
 21651 | D:11     | Reached skill level 13 in Dodging
 21993 | D:11     | Noticed Sonja
 22003 | D:11     | Killed Sonja
 22015 | D:11     | Reached ****** piety under Sif Muna
 22015 | D:11     | Received a gift from Sif Muna
 22016 | D:11     | Identified Sif Muna's Guide on Combat Magic and Self-Improvement (Sif Muna gifted it to you on level 11 of the Dungeon)
 22056 | D:11     | Noticed Urug
 22080 | D:11     | Killed Urug
 22418 | D:11     | Reached skill level 10 in Polearms
 22869 | D:12     | Noticed Maurice
 22887 | D:12     | Killed Maurice
 22981 | D:12     | Lost mutation: You have a pair of small antennae on your head. [potion of cure mutation]
 22981 | D:12     | Lost mutation: You are frail (-10% HP). [potion of cure mutation]
 22981 | D:12     | Lost mutation: You have sharp fingernails. [potion of cure mutation]
 23428 | D:13     | Reached XP level 14. HP: 99/101 MP: 9/29
 24199 | Orc:1    | Entered Level 1 of the Orcish Mines
 24223 | Orc:1    | Reached skill level 1 in Armour
 24249 | Orc:1    | Found Fabaiqut's Jewellery Emporium.
 24261 | Orc:1    | Noticed Nergalle
 24581 | Lair:8   | Entered Level 8 of the Lair of Beasts
 24581 | Lair:8   | Found a staircase to the Slime Pits.
 24581 | Lair:8   | Found a viscous altar of Jiyva.
 25405 | Lair:8   | Reached skill level 1 in Invocations
 27343 | Orc:1    | Found Ycout's Armour Emporium.
 27353 | Orc:1    | Noticed Erica
 27366 | Orc:1    | Killed Erica
 27394 | Orc:1    | Killed Nergalle
 27443 | Orc:1    | Found Kipsallu's Armour Emporium.
 27452 | Orc:1    | Bought a +0 pair of boots for 67 gold pieces
 27500 | Orc:1    | Noticed Snorg
 27512 | Orc:1    | Killed Snorg
 27815 | Orc:1    | Found a roughly hewn altar of Beogh.
 27822 | Orc:1    | Received a gift from Sif Muna
 27832 | Orc:1    | Identified Sif Muna's Handbook of Snow and Protection (Sif Muna gifted it to you on level 1 of the Orcish Mines)
 27837 | Orc:1    | Learned a level 3 spell: Spectral Weapon
 27897 | Orc:1    | Found a bloodstained altar of Trog.
 28042 | Orc:2    | Entered Level 2 of the Orcish Mines
 28315 | Orc:1    | Found Runtoche's Weapon Shop.
 28453 | Orc:2    | Found a burning altar of Makhleb.
 28496 | Orc:2    | Found a staircase to the Elven Halls.
 28647 | Orc:2    | Learned a level 2 spell: Ensorcelled Hibernation
 28665 | Orc:2    | Found Vogaheess's Food Shoppe.
 28668 | Orc:2    | Found Figu's Jewellery Shoppe.
 28703 | Orc:2    | Reached XP level 15. HP: 71/108 MP: 0/30
 29115 | Orc:2    | Found Juelum's Weapon Boutique.
 29147 | Orc:2    | Found Taroder's Weapon Emporium.
 29580 | Lair:3   | Reached skill level 14 in Dodging
 29626 | Shoals:1 | Entered Level 1 of the Shoals
 30730 | Shoals:2 | Learned a level 3 spell: Tukima's Dance
 30795 | Shoals:2 | Learned a level 5 spell: Aura of Abjuration
 31297 | Shoals:2 | Learned a level 5 spell: Summon Demon
 32234 | Shoals:3 | Learned a level 4 spell: Ice Form
 32299 | Shoals:3 | Reached skill level 1 in Hexes
 33097 | Shoals:3 | HP: 2/111 [cyclops/large rock (37)]
 33100 | Shoals:3 | Hit by a large rock thrown by a cyclops

Vault maps used:
D:1:      lightli_arrival_chessboard, kennysheep_crisscross
D:2:      gammafunk_temple_overflow_statue, first_bread, uniq_jessica
D:4:      lemuel_crystal_altar, patterned_corridor, uniq_crazy_yiuf_cottage
D:5:      nicolae_overflow_quartered_altars, serial_shops, shop, shop,
          minmay_hollow_rounded_squares, uniq_sigmund
D:6:      makhleb_heckhound_becter, nicolae_ossuary_entry_catacombs
D:7:      minmay_temple_entry_fiery, serial_shops, shop, grunt_livestock,
          minmay_tree_intersection, uniq_menkaure, uniq_pikel
D:8:      serial_shops, nicolae_shop_trees
D:9:      lair_0_dummy, enter_bailey_3, uniq_grum
D:10:     minmay_misc_feat_diagonals
D:11:     erik_orc_3, uniq_sonja, uniq_urug
D:12:     lemuel_old_faithful, uniq_maurice
D:13:     kennysheep_boxes
Temple:   jpeg_temple_clearing_12
Lair:1:   grunt_forest_large_clearings, serial_bayou_shore_b
Lair:3:   elwin_shoals_entry_rocks, spider_nest_entry_web_field
Lair:5:   grunt_megastairs_3, serial_bayou_shore_a, uniq_kirke, uniq_josephine
Lair:6:   statuecave_lemuel, lemuel_fruit_fields, uniq_rupert
Lair:7:   beast_lair_carwin_1, infiniplex_staircase_pool_2
Lair:8:   minmay_lair_end_enchanted_forest, slime_altar_1, columned_hall_lemuel,
          grunt_megastairs_2
Shoals:3: st_cyclops
Orc:1:    basic_altar, serial_shops, shop, shop, shop, shop,
          minmay_orc_temple_b, uniq_nergalle, uniq_snorg, uniq_erica
Orc:2:    st_orc_open, basic_altar
Ossuary:  ossuary_tomb_2
Bailey:   bailey_polearm_gnolls_kennysheep, bailey

Skill      XL: |  1  2  3  4  5  6  7  8  9 10 11 12 13 14 15 |
---------------+----------------------------------------------+-----
Dodging        | 3 4 5 7 8 9 11 12 13 14 | 14.6
Ice Magic      | 4 5 6 7 8 9 10 11 12 13 | 13.1
Spellcasting   | 3 4 5 6 7 8 9 10 11 12 | 12.5
Conjurations   | 1 2 3 |  3.0
Polearms       | 1 2 3 5 6 7 8 10 11 12 | 12.3
Charms         | 1 2 3 4 5 6 |  6.4
Stealth        | 3 4 5 6 7 8 |  8.4
Fighting       | 1 3 4 5 6 7 8 |  8.3
Summonings     | 2 4 5 6 7 8 |  8.4
Evocations     | 1 |  1.2
Armour         | 2 |  2.5
Invocations    | 2 4 |  4.7
Hexes          | 1 |  1.5
Short Blades   | |  0.5
Shields        | |  0.2

Action                   |  1- 3 |  4- 6 |  7- 9 | 10-12 | 13-15 || total
-------------------------+-------+-------+-------+-------+-------++-------
Melee: Unarmed           |     9 |       |       |       |       ||     9
       Dagger            |    24 |    29 |       |       |       ||    53
       Trident           |       |    61 |   515 |   597 |  1082 ||  2255
       Spear             |       |       |       |   105 |   427 ||   532
 Cast: Freeze            |    49 |    46 |    61 |     8 |     1 ||   165
       Throw Frost       |     4 |    25 |    18 |    30 |    21 ||    98
       Ozocubu's Armour  |     2 |    10 |    34 |    92 |   108 ||   246
       Summon Ice Beast  |       |       |     7 |   147 |   223 ||   377
       Throw Icicle      |       |       |       |    40 |    68 ||   108
       Spectral Weapon   |       |       |       |       |     6 ||     6
       Summon Demon      |       |       |       |       |    18 ||    18
       Tukima's Dance    |       |       |       |       |    16 ||    16
       Ensorcelled Hiber |       |       |       |       |     6 ||     6
       Ice Form          |       |       |       |       |     1 ||     1
Invok: Channel Energy    |       |       |       |     1 |   122 ||   123
 Abil: End Transformatio |       |       |       |       |     1 ||     1
Evoke: Rod               |       |       |       |     2 |       ||     2
       Wand              |       |       |       |     9 |     2 ||    11
  Use: Scroll            |       |     3 |     5 |    19 |    12 ||    39
       Potion            |       |       |       |    18 |    16 ||    34
 Stab: Sleeping          |     2 |     3 |    14 |    20 |    16 ||    55
       Distracted        |       |       |     2 |    10 |    30 ||    42
  Eat: Chunk             |     3 |     2 |     7 |    45 |    60 ||   117
       Bread ration      |     2 |       |     1 |       |       ||     3
       Meat ration       |       |       |     1 |       |     1 ||     2
       Pizza             |       |       |       |     8 |     3 ||    11
       Beef jerky        |       |       |       |     1 |     3 ||     4
       Royal jelly       |       |       |       |     1 |       ||     1
